 Dungeon Crawl Stone Soup version 0.16.1-2-g95b8d4c (webtiles) character file.

154 RobertPalmer the Cutter (level 5, 0/34 HPs)
             Began as an Octopode Warper on Mar 25, 2015.
             Slain by a centaur skeleton (2 damage)
             ... on level 4 of the Dungeon.
             The game lasted 00:06:32 (3658 turns).

RobertPalmer the Cutter (Octopode Warper)           Turns: 3658, Time: 00:06:32

Health: 0/34       AC:  1    Str: 10    XL:     5   Next: 35%
Magic:  8/9        EV: 12    Int: 16    God:
Gold:   126        SH:  4    Dex: 12    Spells: 3 memorised, 3 levels left

rFire  . . .     SeeInvis .     a - +0 short sword
rCold  . . .     Clarity  .     h - +1 buckler
rNeg   . . .     SustAb   .     (helmet restricted)
rPois  .         Gourm    .     (no amulet)
rElec  .         Spirit   .     (no ring)
rCorr  .         Warding  .     (no ring)
rMut   .         Stasis   .     (no ring)
MR     .....                    (no ring)
Stlth  ++........               (no ring)
                                (no ring)
                                (no ring)
                                (no ring)

@: lethally poisoned (0 -> -6), not resistant to hostile enchantments,
unstealthy
A: almost no armour, amphibious, 8 rings, constrict 8, camouflage 1, gelatinous
body 1
a: no special abilities


You were on level 4 of the Dungeon.
You were hungry.

You visited 1 branch of the dungeon, and saw 4 of its levels.

You collected 126 gold pieces.

Inventory:

Hand weapons
 a - a +0 short sword (weapon)
Missiles
 e - 5 tomahawks of dispersal {=f}
Armour
 h - a +1 buckler (worn)
   (You found it on level 1 of the Dungeon)
Jewellery
 l - a cursed +3 ring of strength {unknown}
   (You found it on level 2 of the Dungeon)
 n - an uncursed ring of see invisible {unknown}
   (You found it on level 3 of the Dungeon)
Scrolls
 g - a scroll of noise {!r}
 k - a scroll of amnesia
Books
 c - a book of Spatial Translocations
Comestibles
 b - a meat ration {@e2}
 f - a bread ration {@e1}


   Skills:
 - Level 2.0 Fighting
 + Level 5.2 Short Blades
 - Level 1.0 Throwing
 - Level 2.3 Dodging
 - Level 0.8 Shields
 - Level 2.0 Spellcasting
 - Level 3.0 Translocations


You had 3 spell levels left.
You knew the following spells:

 Your Spells              Type           Power        Failure   Level  Hunger
a - Shroud of Golubria    Chrm/Tloc      #.........   24%         2    ###....
b - Blink                 Tloc           N/A          14%         2    ###....
g - Apportation           Tloc           ##........   10%         1    #......


Dungeon Overview and Level Annotations

Branches:
Dungeon (4/15)
 Temple: D:4-7

Altars:
Sif Muna

Portals:
Sewer: D:3

Annotations:
D:3 exclusion: Grinder, Grinder; Siriah's ghost, average DDNe


Innate Abilities, Weirdness & Mutations

You cannot wear most types of armour.
You are amphibious.
You can wear up to eight rings at the same time.
You can use your tentacles to constrict many enemies at once.
Your skin changes colour to match your surroundings (Stealth).
Your rubbery body absorbs attacks (AC +1).


Message History

Really walk into a travel-excluded area?
Okay, then.
Really walk into a travel-excluded area?
A rat comes into view.
You feel sick.
Found a stone staircase leading down.
Really walk into a travel-excluded area?
You feel sick.
The rat twitches its whiskers.
You take 1 damage, and have 8/34 hp.
MP restored: 9 You feel sick.
You take 1 damage, and have 7/34 hp.
Here: a river rat The floor.
You feel sick.
You take 1 damage, and have 7/34 hp.
You aren't carrying any potions.
Unknown command.
You feel sick.
You are no longer poisoned.
You take 1 damage, and have 6/34 hp.
A giant newt comes into view.
The giant newt misses you. The giant newt bites you.
* * * LOW HITPOINT WARNING * * *
You take 3 damage, and have 4/34 hp.
Found a stone staircase leading up.
A kobold comes into view. It is wielding a dagger.
The kobold shouts!
The rat twitches its whiskers.
An adder comes into view.
The giant newt misses you.
Your magical contamination has completely faded away.
You hit the adder. Your grab misses the adder. The adder closely misses you.
You hit the adder. You grab the adder. You constrict the adder.
The adder bites you.
* * * LOW HITPOINT WARNING * * *
You take 1 damage, and have 5/34 hp.
Unknown command.
You hit the adder.
You kill the adder!
Read which item? (? for menu, Esc to quit)
Okay, then.
You aren't carrying any potions.
Unknown command.
Unknown command.
You hear the slow rusting of a very distant drain.
A giant cockroach comes into view.
The giant cockroach closely misses you.
You hit the giant cockroach but do no damage.
You grab the giant cockroach. You constrict the giant cockroach.
The giant newt bites you but does no damage.
You hit the giant cockroach.
You kill the giant cockroach!
The giant newt bites you.
* * * LOW HITPOINT WARNING * * *
You take 1 damage, and have 5/34 hp.
Unknown command.
Siriah's ghost (average Deep Dwarf Necromancer) comes into view.
You see here a black potion.
Siriah's ghost turns its malevolent gaze towards you.
Siriah's ghost gestures at you while chanting.
You barely resist.
The rat twitches its whiskers.
The river rat twitches its whiskers.
The giant newt hisses menacingly.
Found a stone staircase leading down.
Siriah's ghost says, "After I kill you, I will kill you again."
The river rat completely misses you.
There is a stone staircase leading down here.
You are feeling hungry.
You see here a ring mail.
Unknown command.
There is a stone staircase leading up here.
Found a stone staircase leading down.
There is an escape hatch in the floor here.
You slide downwards.
The hatch slams shut behind you.
A centaur skeleton comes into view.
You blink.
You now have 7/9 mp.
Unknown command.
All of the chunks of flesh in your inventory have rotted away.
You see here an emerald potion.
d - an emerald potion You block the centaur skeleton's attack.
Drink which item? (? for menu, Esc to quit)
It was a potion of poison.
That liquid tasted very nasty...
You are poisoned.
You feel sick. The centaur skeleton hits you.
* * * LOW HITPOINT WARNING * * *
The centaur skeleton hits you.
* * * LOW HITPOINT WARNING * * *
You take 8 damage, and have 3/34 hp.
MASSIVE DAMAGE!!
You hit the centaur skeleton.
* * * LOW HITPOINT WARNING * * *
You feel sick. The centaur skeleton hits you.
You die...

........ ##......
#......#
###......#
#####........#
#............# #
#..!.........#.#
#..............#
##
#.......##Z@####
..#.##......)###.#
...........###
#..# ............#
....#
.########.###
....# #.# #....#
#.# #....# #.#
#..... #.# ...


You could see a centaur skeleton.

Vanquished Creatures
  9 adders
  2 worms
  6 giant geckos
  6 bats
  4 giant cockroaches
  7 goblins
  10 hobgoblins
  3 giant newts
  9 kobolds
  4 rats
60 creatures vanquished.

Notes
Turn   | Place    | Note
--------------------------------------------------------------
     0 | D:1      | RobertPalmer, the Octopode Warper, began the quest for the Orb.
     0 | D:1      | Reached XP level 1. HP: 14/14 MP: 3/3
   592 | D:1      | Reached XP level 2. HP: 5/19 MP: 4/4
  1202 | D:1      | Reached skill level 3 in Short Blades
  1393 | D:1      | Reached XP level 3. HP: 16/24 MP: 6/6
  1649 | D:2      | Found a deep blue altar of Sif Muna.
  1659 | D:2      | HP: 6/24 [hobgoblin/club (5)]
  1661 | D:2      | HP: 2/24 [hobgoblin/club (4)]
  1911 | D:2      | Learned a level 2 spell: Blink
  2174 | D:2      | Reached skill level 4 in Short Blades
  2174 | D:2      | Reached XP level 4. HP: 29/29 MP: 7/7
  2671 | D:2      | HP: 7/29 [poisoned by an adder]
  2679 | D:2      | HP: 6/29 [poisoned by an adder]
  2952 | D:2      | Learned a level 2 spell: Shroud of Golubria
  3292 | D:2      | Reached XP level 5. HP: 34/34 MP: 9/9
  3406 | D:3      | Reached skill level 5 in Short Blades
  3541 | D:3      | Noticed Grinder
  3543 | D:3      | Found a glowing drain.
  3551 | D:3      | HP: 8/34 [poisoned by an adder]
  3559 | D:3      | HP: 7/34 [poisoned by an adder]
  3572 | D:3      | HP: 4/34 [giant newt (3)]
  3589 | D:3      | HP: 5/34 [adder (1)]
  3599 | D:3      | HP: 5/34 [giant newt (1)]
  3601 | D:3      | Noticed Siriah's ghost (average DDNe)
  3657 | D:4      | HP: 3/34 [centaur skeleton (6)]
  3658 | D:4      | Slain by a centaur skeleton

Action                   |  1- 3 |  4- 6 || total
-------------------------+-------+-------++-------
Melee: Short sword       |    93 |    73 ||   166
 Cast: Blink             |       |     2 ||     2
  Use: Scroll            |       |     7 ||     7
       Potion            |       |     2 ||     2
 Stab: Sleeping          |     4 |     3 ||     7
  Eat: Chunk             |     4 |     4 ||     8

Vault maps used:
D:1:      dpeg_arrival_ternary
D:2:      nicolae_overflow_crystal_walls
D:3:      nicolae_gozag_zags_fifth_avenue, first_bread, portal_sewer_entry_b,
          uniq_grinder
D:4:      fedhas_altar_3, minmay_temple_entry_grid, uniq_eustachio

Table legend:
 A = Turns spent in this place as a percentage of turns spent in the entire game.
 B = Non-inter-level travel turns spent in this place as a percentage of non-inter-level travel turns spent in the entire game.
 C = Inter-level travel turns spent in this place as a percentage of turns spent in this place.
 D = Turns resting spent in this place as a percentage of non-inter-level travel turns spent in this place.
 E = Turns spent auto-exploring this place as a percentage of non-inter-level travel turns spent in this place.
 F = Non-inter-level travel turns spent in this place divided by the number of levels of this place that you've seen.
                   A       B       C       D       E      F
               +-------+-------+-------+-------+-------+----------------------
         Total | 100.0 | 100.0 |   0.3 |   4.9 |   5.7 | 242.5
       Dungeon | 100.0 | 100.0 |   0.3 |   4.9 |   5.7 | 242.5
               +-------+-------+-------+-------+-------+----------------------

Table legend:
 A = Kills in this place as a percentage of kills in entire the game.
 B = Kills by you in this place as a percentage of kills by you in the entire game.
 C = Kills by friends in this place as a percentage of kills by friends in the entire game.
 D = Other kills in this place as a percentage of other kills in the entire game.
 E = Experience gained in this place as a percentage of experience gained in the entire game.
 F = Experience gained in this place divided by the number of levels of this place that you have seen.
                   A       B       C       D       E      F
               +-------+-------+-------+-------+-------+----------------------
         Total | 100.0 | 100.0 |  -nan |  -nan | 100.0 |  55.0
       Dungeon | 100.0 | 100.0 |  -nan |  -nan | 100.0 |  55.0
               +-------+-------+-------+-------+-------+----------------------
